 Dungeon Crawl Stone Soup version 0.16.0-14-g63f578d (console) character file.

33 gw the Grasshopper (level 3, -2/21 HPs)
             Began as a Deep Elf Warper on Mar 18, 2015.
             Succumbed to a goblin's poison
             ... on level 1 of the Dungeon.
             The game lasted 00:01:09 (1550 turns).

gw the Grasshopper (Deep Elf Warper)                Turns: 1550, Time: 00:01:09

Health: -2/21      AC:  6    Str:  8    XL:     3   Next: 12%
Magic:  11/11      EV: 12    Int: 18    God:
Gold:   9          SH:  0    Dex: 14    Spells: 4 memorised, 1 level left

rFire  . . .     SeeInvis .     a - +0 falchion
rCold  . . .     Clarity  .     b - +0 leather armour
rNeg   . . .     SustAb   .     (no shield)
rPois  .         Gourm    .     (no helmet)
rElec  .         Spirit   .     (no cloak)
rCorr  .         Warding  .     (no gloves)
rMut   .         Stasis   .     g - +2 pair of boots {Fly}
MR     .....                    (no amulet)
Stlth  +.........               (no ring)
                                (no ring)

@: lethally poisoned (-2 -> -35), flying, drained, not resistant to hostile
enchantments, very unstealthy
A: no striking features
a: Stop Flying


You were on level 1 of the Dungeon.
You were not hungry.

You visited 1 branch of the dungeon, and saw 1 of its levels.

You collected 9 gold pieces.

Inventory:

Hand weapons
 a - a +0 falchion (weapon)
Missiles
 e - 5 tomahawks of dispersal (quivered)
Armour
 b - a +0 leather armour (worn)
 g - a +2 pair of boots of flying (worn)
Scrolls
 d - a scroll of blinking
 i - a scroll of identify {unknown}
 j - a scroll of noise {unknown}
Potions
 h - a potion of degeneration {unknown}
Books
 c - a book of Spatial Translocations

   Spells                             Type                      Level
   a - Apportation                    Translocation                1
   b - Blink                          Translocation                2
   c - Shroud of Golubria             Charms/Translocation         2
   d - Portal Projectile              Translocation                3
   e - Teleport Other                 Translocation                3
   f - Passage of Golubria            Translocation                4
Comestibles
 f - 2 bread rations


   Skills:
 + Level 1.9(1.7) Fighting
 + Level 2.1(1.9) Long Blades
 - Level 1.1(0.9) Throwing
 + Level 1.1(0.9) Armour
 - Level 2.4(2.2) Dodging
 * Level 3.5(3.3) Spellcasting
 + Level 3.6(3.4) Translocations


You had one spell level left.
You knew the following spells:

 Your Spells              Type           Power        Failure   Level  Hunger
a - Apportation           Tloc           ###.......   8%          1    None
b - Blink                 Tloc           N/A          10%         2    ##.....
c - Shroud of Golubria    Chrm/Tloc      #.........   17%         2    ##.....
d - Portal Projectile     Tloc           ###...       17%         3    ###....


Dungeon Overview and Level Annotations

Branches:
Dungeon (1/15)

Altars:


Message History

Unknown command.
Unknown command.
ATTACKING (0,-1)
You hit the goblin!
You kill the goblin!
You feel very sick.
Unknown command.
Unknown command.
Unknown command.
Unknown command.
ATTACKING (0,-1)
You swing at nothing.
You feel very sick.
Unknown command.
Unknown command.
Unknown command.
Unknown command.
ATTACKING (0,-1)
You swing at nothing.
You die...

.#.######## #.#
..........#### #.#
#######.#....#####.#
......#.##.........######
#####.#.##...###..........
..).#.#.###.## #.########
###.#.#%###.####.#
....#...#......#)#
###########.##.#e# #.#
##.##.##.#.# #.#
#..........# #.#
#..##.##.#.# #.#
#(.##.##.#.# #.#
#........#.# #.#
#.###.####.# #.# #.#
#...##.# #.# #.# ###.##.#


There were no monsters in sight!

Table legend:
 A = Turns spent in this place as a percentage of turns spent in the entire game.
 B = Non-inter-level travel turns spent in this place as a percentage of non-inter-level travel turns spent in the entire game.
 C = Inter-level travel turns spent in this place as a percentage of turns spent in this place.
 D = Turns resting spent in this place as a percentage of non-inter-level travel turns spent in this place.
 E = Turns spent auto-exploring this place as a percentage of non-inter-level travel turns spent in this place.
 F = Non-inter-level travel turns spent in this place divided by the number of levels of this place that you've seen.
                   A       B       C       D       E      F
               +-------+-------+-------+-------+-------+----------------------
         Total | 100.0 | 100.0 |   0.7 |   2.5 |   1.9 | 2051.0
       Dungeon | 100.0 | 100.0 |   0.7 |   2.5 |   1.9 | 2051.0
               +-------+-------+-------+-------+-------+----------------------

Table legend:
 A = Kills in this place as a percentage of kills in entire the game.
 B = Kills by you in this place as a percentage of kills by you in the entire game.
 C = Kills by friends in this place as a percentage of kills by friends in the entire game.
 D = Other kills in this place as a percentage of other kills in the entire game.
 E = Experience gained in this place as a percentage of experience gained in the entire game.
 F = Experience gained in this place divided by the number of levels of this place that you have seen.
                   A       B       C       D       E      F
               +-------+-------+-------+-------+-------+----------------------
         Total | 100.0 | 100.0 |  -nan |  -nan | 100.0 |  48.0
       Dungeon | 100.0 | 100.0 |  -nan |  -nan | 100.0 |  48.0
               +-------+-------+-------+-------+-------+----------------------

Vanquished Creatures
  2 giant cockroaches (D:1)
  7 goblins (D:1)
  5 hobgoblins (D:1)
  4 bats (D:1)
  A giant newt (D:1)
  6 kobolds (D:1)
  5 rats (D:1)
30 creatures vanquished.

Notes
Turn   | Place    | Note
--------------------------------------------------------------
     0 | D:1      | gw, the Deep Elf Warper, began the quest for the Orb.
     0 | D:1      | Reached XP level 1. HP: 12/12 MP: 5/5
   264 | D:1      | Reached XP level 2. HP: 12/17 MP: 8/8
   267 | D:1      | Reached skill level 1 in Armour
   367 | D:1      | Learned a level 2 spell: Blink
   370 | D:1      | Learned a level 2 spell: Shroud of Golubria
  1315 | D:1      | Reached XP level 3. HP: 21/21 MP: 5/11
  1362 | D:1      | Learned a level 3 spell: Portal Projectile
  1549 | D:1      | HP: 1/21 [poisoned by a goblin]
  1550 | D:1      | Succumbed to a goblin's poison

Action                   || total
-------------------------++-------
Melee: Falchion          ||    97
 Cast: Shroud of Golubri ||    24
  Eat: Chunk             ||     4

Vault maps used:
D:1:      matt_arrival_spirals
